 Dungeon Crawl Stone Soup version 0.14-a0-817-g3f7b0b1 (webtiles) character file.

491 4tharraofdagon the Slasher (level 6, 0/49 HPs)
             Began as a Djinni Gladiator on Nov 12, 2013.
             Slain by a hound (5 damage)
             ... on Level 4 of the Dungeon.
             The game lasted 00:07:38 (1261 turns).

4tharraofdagon the Slasher (Djinni Gladiator)       Turns: 1261, Time: 00:07:39

HP   0/49        AC  8     Str 17      XL: 6   Next: 60%
MP   0/0         EV  8     Int  9      God:
Gold 76          SH  0     Dex 13      Spells:  0 memorised,  5 levels left

Res.Fire  : + + +   See Invis. : .   a - +0,+1 falchion
Res.Cold  : x . .   Warding    : .   i - +0 elf scale mail (curse)
Life Prot.: + + +   Conserve   : .   (no shield)
Res.Poison: .       Res.Corr.  : .   p - +0 helmet
Res.Elec. : .       Clarity    : .   (no cloak)
Sust.Abil.: . .     Spirit.Shd : .   (no gloves)
Res.Mut.  : .       Stasis     : .   (boots unavailable)
Res.Rott. : .       Flight     : +   (no amulet)
Saprovore : . . .                    (no ring)
                                     (no ring)

@: flying, slightly resistant to hostile enchantments, extremely unstealthy
A: fire immunity, cold vulnerability, life protection 3
a: no special abilities


You were on level 4 of the Dungeon.
You were not hungry.

You visited 1 branch of the dungeon, and saw 8 of its levels.

You collected 76 gold pieces.

Inventory:

Hand weapons
 a - a +0,+1 falchion (weapon)
 m - a +0,+3 glaive
 q - a +0,+1 orcish battleaxe
Missiles
 d - a throwing net [torn] (quivered)
 g - 19 darts
 j - a throwing net [frayed]
 k - a throwing net [frayed]
Armour
 b - a +0 leather armour
 c - a +0 helmet
 i - a cursed +0 elven scale mail (worn)
 p - a +0 helmet (worn)
Magical devices
 f - a wand of polymorph (5)
 l - a wand of cold (0)
Scrolls
 e - a scroll of curse jewellery {unknown}
 h - a scroll of identify {unknown}
 o - a scroll of fog {unknown}
Potions
 n - a potion of magic


   Skills:
 + Level 3.3 Fighting
 * Level 5.3 Long Blades
 - Level 0.4 Polearms
 - Level 1.7 Throwing
 + Level 3.2 Armour
 - Level 2.6 Dodging
 + Level 2.6 Evocations


You had 5 spell levels left.
You didn't know any spells.

Dungeon Overview and Level Annotations

Branches:
Dungeon (8/27)               Lair (0/8) D:8
 Temple: D:4-7          Orc: D:6-11

Altars:

Shops:
D:7 }

Annotations:
D:6 SkaryMonk's ghost, experienced OgHu
D:7 Ijyb


Innate Abilities, Weirdness & Mutations

You are immune to all types of fire, even holy and hellish.
You are vulnerable to cold.
You need no food.
You have no legs.
You are immune to negative energy.


Message History

The hound is moderately wounded.
The hound bites you.
* * * LOW HITPOINT WARNING * * *
You hit the hound.
The hound is heavily wounded.
The hound bites you.
* * * LOW HITPOINT WARNING * * *
The hound closely misses you.
You closely miss the hound.
The hound is heavily wounded.
The hound barely misses you. The hound bites you but does no damage.
You barely miss the hound.
The hound is heavily wounded.
The hound bites you.
* * * LOW HITPOINT WARNING * * *
Unknown command.
You hit the hound.
The hound is severely wounded.
The hound barely misses you. The hound bites you.
You die...

#.##################
#...................
#.################## #.#
#....# #.# #.#### #.# #%#
#.# #.# #.###.####
#>.@.....# #.#h..####
#.#...# #.###.# #.# #.#
#.###.####♣♣♣♣
########.#......#♣♣♣♣
#......#.#######...#####.(
+.........................


You could see a hound.

Vanquished Creatures
  An orc warrior (D:8)
  A warg (D:8)
  An iguana (D:4)
  3 orc wizards
  2 worker ants
  A hound skeleton (D:4)
  5 adders
  A giant eyeball (D:4)
  5 orcs
  6 bats
  A bat zombie (D:5)
  2 giant cockroaches
  4 hobgoblins
  3 giant newts
  3 goblins
  A kobold (D:4)
  2 quokkas (D:5)
  5 rats
  A rat skeleton (D:4)
48 creatures vanquished.

Notes
Turn   | Place    | Note
--------------------------------------------------------------
     0 | D:1      | 4tharraofdagon, the Djinni Gladiator, began the quest for the Orb.
     0 | D:1      | Reached XP level 1. HP: 15/15 MP: 0/0
   131 | D:3      | Reached XP level 2. EP: 21/21
   221 | D:5      | Entered Level 5 of the Dungeon
   260 | D:5      | Reached skill level 1 in Armour
   269 | D:6      | Noticed SkaryMonk's ghost (experienced OgHu)
   302 | D:6      | Reached XP level 3. EP: 25/27
   349 | D:6      | Reached skill level 4 in Long Blades
   349 | D:6      | Reached XP level 4. EP: 34/34
   350 | D:6      | Reached skill level 1 in Evocations
   558 | D:8      | Noticed a warg
   558 | D:8      | Noticed an orc warrior
   558 | D:8      | Found a staircase to the Lair.
   559 | D:8      | Noticed a sky beast
   565 | D:8      | Reached XP level 5. EP: 19/41
   567 | D:8      | Killed a warg
   567 | D:8      | Killed an orc warrior
   567 | D:8      | Reached skill level 5 in Long Blades
   567 | D:8      | Reached XP level 6. EP: 19/49
   614 | D:7      | Found Blomm's Gadget Shop.
   635 | D:6      | Noticed an orc warrior
   636 | D:6      | :(
   666 | D:7      | Noticed a necrophage
   703 | D:7      | Noticed Ijyb
  1074 | D:4      | Paralysed by a giant eyeball for 4 turns
  1261 | D:4      | Slain by a hound

Action                   |  1- 3 |  4- 6 || total
-------------------------+-------+-------++-------
Melee: Falchion          |    55 |   113 ||   168
       Unarmed           |       |    18 ||    18
       Battleaxe         |       |     1 ||     1
Throw: Throwing net      |     7 |     2 ||     9
       Dart              |     1 |       ||     1
Evoke: Wand              |     1 |    13 ||    14
  Use: Scroll            |       |     4 ||     4
       Potion            |       |     1 ||     1
 Stab: Held in net/web   |     2 |       ||     2
